 Dungeon Crawl Stone Soup version 0.18.1-50-g88ac8fd (webtiles) character file.

207 Findleman the Skirmisher (level 5, -2/47 HPs)
             Began as a Draconian Skald on Dec 10, 2016.
             Was an Initiate of Okawaru.
             Slain by a gnoll
             ... wielding a +0 spear
              (6 damage)
             ... on level 4 of the Dungeon.
             The game lasted 00:08:34 (2964 turns).

Findleman the Skirmisher (Draconian Skald)          Turns: 2964, Time: 00:08:34

Health: -2/47      AC:  6    Str: 15    XL:     5   Next: 54%
Magic:  5/8        EV: 13    Int: 12    God:    Okawaru [......]
Gold:   216        SH:  0    Dex: 11    Spells: 3 memorised, 2 levels left

rFire  . . .     SeeInvis .     a - +1 falchion
rCold  . . .     Gourm    .     (armour unavailable)
rNeg   . . .     Faith    .     (no shield)
rPois  .         Spirit   .     (helmet restricted)
rElec  .         Dismiss  .     (no cloak)
rCorr  .         Reflect  .     (no gloves)
SustAt .         Harm     .     k - +0 pair of boots
MR     .....                    e - amulet of rage
Stlth  +.........               (no ring)
                                y - +1 ring of evasion

@: very slightly contaminated, not resistant to hostile enchantments, very
unstealthy
A: unfitting armour, cold-blooded, AC +5
a: Renounce Religion, Evoke Berserk Rage


You were on level 4 of the Dungeon.
You worshipped Okawaru.
Okawaru was noncommittal.
You were not hungry.

You visited 2 branches of the dungeon, and saw 5 of its levels.

You collected 216 gold pieces.

Inventory:

Hand Weapons
 a - a +1 falchion (weapon)
Armour
 k - a +0 pair of boots (worn)
Jewellery
 e - an amulet of rage (around neck)
 o - an uncursed amulet of the gourmand {unknown}
 y - a +1 ring of evasion (left hand)
Scrolls
 f - a scroll of remove curse
 h - 3 scrolls of amnesia
 q - 2 scrolls of random uselessness {unknown}
 s - a scroll of magic mapping {unknown}
 u - a scroll of teleportation {unknown}
 x - a scroll of noise {unknown}
Potions
 d - a potion of flight {unknown}
 g - 2 potions of brilliance {unknown}
 i - 2 potions of haste {unknown}
 j - a potion of curing {unknown}
 l - a potion of degeneration {unknown}
 n - a potion of berserk rage {unknown}
 p - 2 potions of resistance {unknown}
 r - a potion of mutation {unknown}
 t - a potion of lignification {unknown}
Books
 b - a book of Battle

   Spells                             Type                      Level
   a - Infusion                       Charms                       1
   b - Shroud of Golubria             Charms/Translocation         2
   c - Song of Slaying                Charms                       2
   d - Spectral Weapon                Hexes/Charms                 3
   e - Regeneration                   Charms/Necromancy            3
 w - a book of Necromancy

   Spells                             Type                      Level
   a - Pain                           Necromancy                   1
   b - Animate Skeleton               Necromancy                   1
   c - Vampiric Draining              Necromancy                   3
   d - Regeneration                   Charms/Necromancy            3
   e - Animate Dead                   Necromancy                   4
   f - Control Undead                 Necromancy                   4
Comestibles
 c - 5 bread rations
 m - 3 meat rations
 v - 5 chunks of flesh


   Skills:
 * Level 4.8 Fighting
 + Level 3.9 Long Blades
 - Level 1.3 Dodging
 - Level 2.0 Spellcasting
 - Level 3.1 Charms


You had 2 spell levels left.
You knew the following spells:

 Your Spells              Type           Power        Failure   Level  Hunger
a - Infusion              Chrm           #...         10%         1    ##.....
b - Spectral Weapon       Hex/Chrm       #.......     43%         3    ####...
c - Song of Slaying       Chrm           #.......     12%         2    ###....


Dungeon Overview and Level Annotations

Branches:
Dungeon (4/15)             Temple (1/1) D:4

Altars:
Ashenzari
Dithmenos
Elyvilon
Fedhas
Gozag
Kikubaaqudgha
Makhleb
Nemelex Xobeh
Okawaru
Pakellas
Qazlal
Ru
Trog
Vehumet
Xom
Yredelemnul
Zin
The Shining One


Innate Abilities, Weirdness & Mutations

Your plain brown scales are hard (AC +5).
Your body does not fit into most forms of armour.
You are cold-blooded and may be slowed by cold attacks.


Message History

You barely miss the gnoll.
You tail-slap the gnoll, but do no damage.
The gnoll is heavily wounded.
The gnoll hits you with a spear!
You hit the gnoll but do no damage.
The gnoll is heavily wounded.
The gnoll hits you with a spear!
* * * LOW HITPOINT WARNING * * *
You are too injured to fight recklessly!
Casting: Spectral Weapon
Confirm with . or Enter, or press ? or * to list all spells.
You miscast Spectral Weapon.
You are very lightly contaminated with residual magic.
You feel a strange surge of energy! The gnoll hits you with a spear.
* * * LOW HITPOINT WARNING * * *
Some of the chunks of flesh in your inventory have rotted away.
You hit the gnoll.
Your tail-slap misses the gnoll.
The gnoll is almost dead.
The gnoll hits you with a spear.
You die...

#.#####.....'[..)...##.#
#. #+##..#####...##.# #.
#..#))#....##.# #.
#..'..#.....#.# #.
##.####..#..#.# #.
#...#......#.# #.
+...#......# #. #
#.#'###.#..# #. +
...#.@.#.#..# ## #
##..#).g#.#..# #
#+######.#..# ..# .. ..
### ..## .... ....


You could see a gnoll.

Vanquished Creatures
  2 iguanas (D:4)
  A worker ant (D:4)
  A hound skeleton (D:4)
  A gnoll (D:4)
  2 adders
  A worm (D:2)
  3 dart slugs
  3 giant geckos
  8 orcs
  4 giant cockroaches
  8 goblins
  7 hobgoblins
  3 jackals (D:2)
  A quokka (D:2)
  10 bats
  4 giant newts (D:1)
  9 kobolds
  6 rats
  A toadstool (D:1)
75 creatures vanquished.

Vanquished Creatures (others)
  3 toadstools (D:1)
3 creatures vanquished.

Grand Total: 78 creatures vanquished

Notes
Turn   | Place    | Note
--------------------------------------------------------------
     0 | D:1      | Findleman the Draconian Skald began the quest for the Orb.
     0 | D:1      | Reached XP level 1. HP: 17/17 MP: 3/3
   142 | D:1      | Reached XP level 2. HP: 23/24 MP: 5/5
   612 | D:2      | Reached XP level 3. HP: 30/30 MP: 6/6
   764 | D:2      | Learned a level 3 spell: Spectral Weapon
   767 | D:2      | Learned a level 2 spell: Song of Slaying
   996 | D:2      | HP: 1/30 [worm (11)]
  1299 | D:2      | Reached skill level 3 in Fighting
  1871 | D:3      | Reached XP level 4. HP: 26/38 MP: 7/7
  2486 | D:4      | Found a staircase to the Ecumenical Temple.
  2496 | Temple   | Entered the Ecumenical Temple
  2504 | Temple   | Became a worshipper of Warmaster Okawaru
  2554 | D:4      | Reached skill level 4 in Fighting
  2738 | D:4      | Reached XP level 5. HP: 46/46 MP: 8/8
  2964 | D:4      | Slain by a gnoll

Skill      XL: |  1  2  3  4 |
---------------+-------------+-----
Charms         | 3 |  3.1
Long Blades    | 3 |  3.9
Fighting       | 3 4 |  4.8
Dodging        | |  1.3
Spellcasting   | |  2.0

Action                   |  1- 3 |  4- 6 || total
-------------------------+-------+-------++-------
Melee: Falchion          |   160 |    94 ||   254
       Tailslap          |    11 |    11 ||    22
 Cast: Infusion          |     1 |       ||     1
       Spectral Weapon   |     1 |     4 ||     5
       Song of Slaying   |     1 |       ||     1
  Use: Scroll            |     4 |       ||     4
 Stab: Sleeping          |     1 |     3 ||     4
  Eat: Chunk             |     3 |     5 ||     8
Armor: Skin              |    65 |    30 ||    95
Dodge: Dodged            |   105 |    64 ||   169
